AoeStats
← Aebriel

Socotra

504871397Analyzed
3v3 RM · 27d ago on Sep 6, 2026· 47m 34s· 6 players
Game mode
Random Map
Map size
128×128
Population
200
Speed
Normal
Resources
Standard
Victory
Conquest
Starting age
Dark Age
Ending age
Imperial Age
RankedLock teamsTeams togetherTeam positionsShared explorationLock speedFull tech treeHidden civsTurbo modeCheats
Victory
Defeat
🇳🇿 Spanish · New Zealand
1078
+12
🇹🇷 Cumans · Türkiye
1076
+13
🇹🇷 Koreans · Türkiye
1076
+13
🇬🇧 Bulgarians · United Kingdom
1017
-13
🇬🇧 Gurjaras · United Kingdom
1014
-13
🇬🇧 Maya · United Kingdom
996
-12
chichimp
6:35 Loom
6:38 Loom
9:13 Feudal Age
9:59 Double-Bit Axe
14:00 Fletching
24:04 Scale Barding Armor
26:42 Castle Age
32:51 Bloodlines
44:35 Chain Barding Armor
45:04 Bodkin Arrow
meric_akpinar
6:52 Loom
12:23 Feudal Age
12:51 Double-Bit Axe
12:57 Gold Mining
12:51 Horse Collar
14:59 Wheelbarrow
16:42 Stone Mining
19:58 Fletching
22:18 Castle Age
20:50 Gold Mining
23:19 Bow Saw
23:09 Bodkin Arrow
22:37 Elite Skirmisher
25:30 Scale Barding Armor
25:36 Forging
25:37 Heavy Plow
29:05 Husbandry
29:05 Crossbowman
31:01 Thumb Ring
31:07 Town Watch
33:00 Ballistics
33:08 Hand Cart
34:43 Treadmill Crane
36:47 Gold Shaft Mining
39:29 Imperial Age
36:32 Light Cavalry
38:02 Chain Barding Armor
37:52 Forging
38:51 Masonry
40:26 Iron Casting
39:51 Scale Mail Armor
40:59 Conscription
40:43 Eupseong
41:04 Shinkichon
40:54 Bracer
42:16 Two-Man Saw
40:46 Arbalester
42:11 Hussar
44:04 Chemistry
43:35 Architecture
42:53 Arrowslits
43:41 Town Patrol
44:24 Squires
44:29 Scale Mail Armor
46:05 Chain Mail Armor
46:00 Siege Engineers
45:19 Elite War Wagon
Aebriel
8:41 Loom
11:44 Feudal Age
13:22 Double-Bit Axe
18:40 Forging
18:31 Scale Mail Armor
18:46 Horse Collar
23:03 Castle Age
21:22 Gold Mining
25:01 Squires
24:47 Arson
24:23 Pikeman
29:09 Gold Shaft Mining
28:18 Elite Skirmisher
30:46 Wheelbarrow
30:00 Town Watch
30:30 Bloodlines
29:41 Light Cavalry
30:45 Padded Archer Armor
30:35 Fletching
31:13 Bow Saw
32:18 Stone Mining
37:52 Imperial Age
35:58 Heavy Plow
36:07 Scale Barding Armor
38:18 Ballistics
38:09 Masonry
39:14 Bodkin Arrow
39:34 Leather Archer Armor
39:54 Leather Archer Armor
40:55 Iron Casting
40:36 Chain Mail Armor
41:25 Steppe Husbandry
43:04 Ring Archer Armor
43:01 Chain Barding Armor
43:41 Blast Furnace
43:55 Crop Rotation
43:41 Cavalier
45:55 Chemistry
Kingzzman
2:34 Loom
9:48 Feudal Age
11:24 Horse Collar
11:31 Double-Bit Axe
17:16 Fletching
17:33 Gold Mining
18:23 Wheelbarrow
17:56 Man-at-Arms
19:29 Forging
19:20 Scale Mail Armor
19:33 Arson
24:16 Castle Age
24:04 Padded Archer Armor
24:48 Crossbowman
29:27 Bow Saw
29:45 Bloodlines
29:37 Husbandry
34:03 Thumb Ring
33:19 Elite Skirmisher
36:06 Scale Barding Armor
40:18 Imperial Age
37:50 Stone Mining
38:41 Gold Shaft Mining
40:56 Ballistics
40:32 Murder Holes
40:36 Elite Shrivamsha Rider
42:47 Bodkin Arrow
44:19 Heavy Camel Rider
Raedwald
0:47 Loom
13:57 Feudal Age
14:27 Man-at-Arms
15:32 Double-Bit Axe
15:36 Town Watch
15:36 Horse Collar
21:49 Wheelbarrow
21:30 Fletching
22:07 Padded Archer Armor
24:02 Scale Mail Armor
27:59 Forging
31:09 Castle Age
30:57 Arson
31:16 Eagle Warrior
31:21 Crossbowman
32:07 Squires
32:17 Bodkin Arrow
36:08 Bow Saw
36:01 Heavy Plow
36:26 Hand Cart
37:38 Elite Skirmisher
38:24 Thumb Ring
44:30 Leather Archer Armor
45:51 Pikeman
Solboss
7:46 Loom
10:50 Feudal Age
13:48 Arson
16:39 Scale Mail Armor
18:29 Double-Bit Axe
19:15 Fletching
20:04 Horse Collar
26:37 Castle Age
25:46 Forging
26:08 Padded Archer Armor
27:21 Gambesons
27:37 Squires
29:48 Scale Barding Armor
32:38 Chain Barding Armor
33:20 Bow Saw
34:00 Elite Skirmisher
34:57 Bodkin Arrow
36:00 Leather Archer Armor
38:58 Iron Casting
44:05 Imperial Age
43:51 Wheelbarrow
46:57 Plate Barding Armor
47:22 Blast Furnace
46:23 Bracer
Connection lost

Rejoining the realm…

Still unreachable

The connection could not be restored.

Session expired

The server has moved on; the page needs a fresh start.